 Dungeon Crawl Stone Soup version 0.27-a0-676-gc1da3516c2 (webtiles) character file.

Game seed: 12237237446595618185

3 Niddhogr the Conjurer (level 1, -5/13 HPs)
             Began as a Demonspawn Conjurer on Mar 18, 2021.
             Slain by a hobgoblin
             ... wielding a +0 club
              (7 damage)
             ... on level 1 of the Dungeon.
             The game lasted 00:01:23 (98 turns).

Niddhogr the Conjurer (Demonspawn Conjurer)           Turns: 98, Time: 00:01:23

Health: -5/13      AC:  2    Str:  7    XL:     1   Next: 41%
Magic:  3/3        EV: 12    Int: 19    God:
Gold:   13         SH:  0    Dex: 11    Spells: 3/4 levels left

rFire    . . .     SeeInvis .   b - +0 short sword
rCold    . . .     Faith    .   (no shield)
rNeg     . . .     Spirit   .   a - +0 robe
rPois    .         Reflect  .   (no helmet)
rElec    .         Harm     .   (no cloak)
rCorr    .         Rampage  .   (no gloves)
Will     .....                  (no boots)
Stlth    ++........             (no amulet)
HPRegen  0.04/turn              (no ring)
MPRegen  0.08/turn              (no ring)

@: no status effects
A: no striking features
a: no special abilities


You were on level 1 of the Dungeon.
You visited 1 branch of the dungeon, and saw 1 of its levels.

You collected 13 gold pieces.

Inventory:

Hand Weapons
 b - a +0 short sword (weapon)
Armour
 a - a +0 robe (worn)


   Skills:
 - Level 1.7 Dodging
 - Level 1.7 Stealth
 - Level 2.0 Spellcasting
 + Level 4.2 Conjurations


You had 3 spell levels left.
You knew the following spells:

 Your Spells              Type           Power      Damage    Failure   Level
a - Magic Dart            Conj           68%        1d6       3%          1

Your spell library contained the following spells:

 Spells                   Type           Power      Damage    Failure   Level
 Searing Ray              Conj           34%        3d4       4%          2
 Dazzling Flash           Conj/Hex       18%        N/A       22%         3
 Fulminant Prism          Conj/Hex       4%         3d6       56%         4
 Iskenderun's Mystic Bla  Conj/Tloc      9%         2d4       56%         4


Dungeon Overview and Level Annotations

Branches:
Dungeon (1/15)

Altars:


Message History

The magic dart hits the goblin.
* * * LOW MAGIC WARNING * * *
The goblin hits you with a +0 dagger.
* * * LOW HITPOINT WARNING * * *
You take 5 damage, and have 3/13 hp.
MASSIVE DAMAGE!!
You now have 0/3 mp.
Unknown command.
Aim: a goblin, wielding a +0 dagger (heavily wounded, 0% to evade)
The magic dart hits the goblin.
You kill the goblin!
* * * LOW MAGIC WARNING * * *
You now have 0/3 mp.
The hobgoblin shouts!
Things that are here:
a +0 dagger; a goblin corpse The hobgoblin closely misses you.
There is an open gate here.
A giant cockroach comes into view.
There is a huge open gate here.
The giant cockroach bites you.
* * * LOW HITPOINT WARNING * * *
You take 1 damage, and have 3/13 hp.
A kobold comes into view.
Unknown command.
The giant cockroach closely misses you. The giant cockroach barely misses you.
A jackal comes into view.
Found a stone staircase leading down.
A jackal comes into view.
MP restored: 3
Okay, then.
Unknown command.
Unknown command.
You closely miss the hobgoblin. The hobgoblin hits you with a +0 club.
* * * LOW HITPOINT WARNING * * *
You take 1 damage, and have 2/13 hp.
You hit the hobgoblin. The hobgoblin hits you with a +0 club!
Ouch! That really hurt!
You die...

#B...###.......###
#.##...##'''''##
#..................K.
######............#...g
#......##########.# ..
#.####B# .# #g# ?# #g#
# #@# #h# #h# ... #..
#.>. .... #####


You could see 2 jackals, a giant cockroach and 2 hobgoblins.

Levels and vault maps discovered:
D:1:      lordsloth_arrival_two_stooges, layout_loops_ring

Notes
Turn   | Place    | Note
-------+----------+-------------------------------------------
     0 | D:1      | Niddhogr the Demonspawn Conjurer began the quest for the
                  | Orb.
     0 | D:1      | Reached XP level 1. HP: 13/13 MP: 3/3
     0 | D:1      | Identified a +0 club
     0 | D:1      | Identified a +0 mace
    19 | D:1      | Identified a +0 short sword
    20 | D:1      | Identified a +0 club
    38 | D:1      | Identified a +0 club
    48 | D:1      | Identified a +0 dagger
    56 | D:1      | HP: 3/13 [goblin/+0 dagger (5)]
    84 | D:1      | HP: 3/13 [giant cockroach (1)]
    97 | D:1      | HP: 2/13 [hobgoblin/+0 club (1)]
    98 | D:1      | Slain by a hobgoblin

Table legend: (Time is in decaauts)
 A = Elapsed time spent in this place.
 B = Non-inter-level travel time spent in this place.
 C = Inter-level travel time spent in this place.
 D = Time resting spent in this place.
 E = Time spent auto-exploring this place.
 F = Levels seen in this place.
 G = Mean time per level.
                   A        B        C        D        E       F      G
               +--------+--------+--------+--------+--------+-----+--------+
         Total |     97 |     97 |      0 |      0 |     19 |   1 |   97.0 |
       Dungeon |     97 |     97 |      0 |      0 |     19 |   1 |   97.0 |
               +--------+--------+--------+--------+--------+-----+--------+

Top non-repeatable levels by time:
     D:1: 97 daAuts

Table legend:
 A = Kills in this place as a percentage of kills in entire the game.
 B = Kills by you in this place as a percentage of kills by you in the entire game.
 C = Kills by friends in this place as a percentage of kills by friends in the entire game.
 D = Other kills in this place as a percentage of other kills in the entire game.
 E = Experience gained in this place as a percentage of experience gained in the entire game.
 F = Experience gained in this place divided by the number of levels of this place that you have seen.
                   A       B       C       D       E      F
               +-------+-------+-------+-------+-------+----------------------
         Total | 100.0 | 100.0 |   N/A |   N/A | 100.0 |   5.0
       Dungeon | 100.0 | 100.0 |   N/A |   N/A | 100.0 |   5.0
               +-------+-------+-------+-------+-------+----------------------

Action                   || total
-------------------------++-------
Melee: Short sword       ||     2
 Cast: Magic Dart        ||     6
Dodge: Dodged            ||     3

Vanquished Creatures
  A goblin (D:1)
  A kobold (D:1)
  A bat (D:1)
3 creatures vanquished.
